 Dungeon Crawl Stone Soup version 0.18.1-48-g4cf74bf (webtiles) character file.

110 Inkary the Shield-Bearer (level 4, -4/41 HPs)
             Began as a Minotaur Fighter on July 30, 2016.
             Slain by an ogre
             ... wielding a +0 giant club
              (25 damage)
             ... on level 4 of the Dungeon.
             The game lasted 00:03:55 (1186 turns).

Inkary the Shield-Bearer (Minotaur Fighter)         Turns: 1186, Time: 00:03:56

Health: -4/41      AC:  7    Str: 21    XL:     4   Next: 61%
Magic:  3/3        EV:  7    Int:  5    God:
Gold:   10         SH:  9    Dex: 10    Spells: 0 memorised, 3 levels left

rFire  + . .     SeeInvis .     a - +0 flail
rCold  x . .     Gourm    .     b - +0 scale mail
rNeg   . . .     Faith    .     c - +0 shield
rPois  .         Spirit   .     (helmet restricted)
rElec  .         Dismiss  .     (no cloak)
rCorr  .         Reflect  .     (no gloves)
SustAt .         Harm     .     (no boots)
MR     .....                    (no amulet)
Stlth  ..........               (no ring)
                                i - ring of fire

@: lethally poisoned (-4 -> -12), not resistant to hostile enchantments,
extremely unstealthy
A: retaliatory headbutt, horns 2
a: no special abilities


You were on level 4 of the Dungeon.
You were not hungry.

You visited 1 branch of the dungeon, and saw 4 of its levels.

You collected 10 gold pieces.

Inventory:

Hand Weapons
 a - a +0 flail (weapon)
Armour
 b - a +0 scale mail (worn)
 c - a +0 shield (worn)
Jewellery
 i - a ring of fire (left hand)
Scrolls
 e - 2 scrolls of teleportation {unknown}
 h - a scroll of magic mapping {unknown}
 k - a scroll of enchant weapon {unknown}
 m - a scroll of identify {unknown}
Potions
 d - a potion of might
Comestibles
 f - 3 bread rations
 g - a meat ration
 j - a royal jelly
 l - a beef jerky


   Skills:
 + Level 4.4 Fighting
 + Level 3.7 Maces & Flails
 + Level 4.4 Armour
 + Level 4.4 Shields


You had 3 spell levels left.
You didn't know any spells.

Dungeon Overview and Level Annotations

Branches:
Dungeon (5/15)
 Temple: D:4-7

Altars:

Shops:
D:4 (


Innate Abilities, Weirdness & Mutations

You reflexively headbutt those who attack you in melee.
You have a pair of horns on your head.


Message History

The ogre hits you with a giant club. The worker ant barely misses you.
You furiously retaliate!
You headbutt the worker ant, but do no damage.
Your shield and scale mail prevent you from hitting the ogre.
Your headbutt misses the ogre.
The ogre is lightly wounded.
The worker ant waves its antennae.
The worker ant barely misses you. You furiously retaliate!
You headbutt the worker ant! You block the ogre's attack.
The worker ant bites you but does no damage.
You closely miss the ogre. Your headbutt misses the ogre.
The ogre is lightly wounded.
You block the ogre's attack. You block the worker ant's attack.
You closely miss the ogre.
The ogre is lightly wounded.
The worker ant bites you.
You are poisoned.
The worker ant poisons you! The ogre hits you with a giant club!!
Ouch! That really hurt!
You die...

# ######.#
#.o[...# #.#.##.#
#S#.# #.#.# #a#.#
## #@#.# ..# #O#S#
#.# #.#.# #.#
#.#.# #.# #.#.#
#.#
..#.####.#####.#
..#.o..{.......#
..######.#########
................#


You could see an ogre, a worker ant, an adder and an orc.

Vanquished Creatures
  A jelly (D:5)
  2 adders (D:2)
  An ooze (D:4)
  An adder skeleton (D:5)
  A worm (D:2)
  2 giant geckos (D:1)
  2 ball pythons
  4 giant cockroaches
  6 hobgoblins
  2 jackals (D:1)
  3 bats (D:1)
  11 giant newts
  5 goblins (D:1)
  3 kobolds
  9 rats
53 creatures vanquished.

Notes
Turn   | Place    | Note
--------------------------------------------------------------
     0 | D:1      | Inkary the Minotaur Fighter began the quest for the Orb.
     0 | D:1      | Reached XP level 1. HP: 19/19 MP: 0/0
   104 | D:1      | Reached XP level 2. HP: 27/27 MP: 1/1
   298 | D:1      | Reached XP level 3. HP: 33/33 MP: 2/2
   929 | D:2      | Reached XP level 4. HP: 40/40 MP: 3/3
   951 | D:2      | You fall through a shaft for 2 floors!
   951 | D:4      | Noticed an ogre
   964 | D:5      | Entered Level 5 of the Dungeon
  1066 | D:4      | Found Muwket's Antique Weapon Shoppe.
  1179 | D:4      | Noticed an ogre
  1186 | D:4      | Slain by an ogre

Skill      XL: |  1  2  3 |
---------------+----------+-----
Fighting       | 4 |  4.4
Shields        | 4 |  4.4
Maces & Flails | 3 |  3.7
Armour         | 4 |  4.4

Action                   |  1- 3 |  4- 6 || total
-------------------------+-------+-------++-------
Melee: Flail             |    85 |    14 ||    99
       Headbutt          |    17 |     4 ||    21
  Eat: Chunk             |       |     1 ||     1
Armor: Scale mail        |    36 |     5 ||    41
Dodge: Dodged            |    25 |     5 ||    30
Block: Shield            |    38 |     6 ||    44
